 Dungeon Crawl Stone Soup version 0.30-a0-696-g2367cd04db (webtiles) character file.

Game seed: 2055098874788784302

4432 Dittersdorf the Blocker (level 10, 0/65 HPs)
             Began as a Gargoyle Fighter on Jan 20, 2023.
             Killed from afar by Erica (20 damage)
             ... with a lance of force
             ... on level 8 of the Dungeon.
             The game lasted 00:12:40 (6853 turns).

Dittersdorf the Blocker (Gargoyle Fighter)          Turns: 6853, Time: 00:12:41

Health: 0/65       AC: 30    Str: 29    XL:     10   Next: 36%
Magic:  10/10      EV: 10    Int:  5    God:
Gold:   200        SH: 11    Dex: 12    Spells: 9/9 levels left

rFire   + + +      SeeInvis +    f - +2 flail (protect)
rCold   + . .      Faith    .    p - +0 buckler of the Original Sin {rPois rF++ Int-5 Dex+3}
rNeg    + + .      Spirit   .    b - +0 scale mail
rPois   ∞          Reflect  +    v - +0 helmet
rElec   +          Harm     .    e - +0 cloak
rCorr   .          Rampage  .    D - +2 pair of gloves
Will    .....                    c - +0 pair of boots Stlth
                                 h - amulet of reflection
HPRegen 0.30/turn                r - ring of see invisible
MPRegen 0.12/turn                a - ring of Qurisisch {rF++ rC+ rN+ Str+6 Slay+3}

@: under a protective aura, slowed, very slow
A: sickness immunity, AC +7, negative energy resistance 1, electricity
resistance, torment resistance 1, petrification resistance
a: no special abilities


You were on level 8 of the Dungeon.
You visited 2 branches of the dungeon, and saw 9 of its levels.

You collected 375 gold pieces.
You spent 175 gold pieces at shops.

Inventory:

Hand Weapons
 f - a +2 flail of protection (weapon)
Missiles
 w - 29 poisoned darts (quivered)
 G - a throwing net
Armour
 b - a +0 scale mail (worn)
 c - a +0 pair of boots (worn)
 e - a +0 cloak (worn)
 p - the +0 buckler of the Original Sin (worn) {rPois rF++ Int-5 Dex+3}
   (You found it on level 2 of the Dungeon)

   Int:       It affects your intelligence (-5).
   Dex:       It affects your dexterity (+3).
   rF:        It greatly protects you from fire.
   rPois:     It protects you from poison.
 v - a +0 helmet (worn)
 D - a +2 pair of gloves (worn)
Jewellery
 a - the ring of Qurisisch (right hand) {rF++ rC+ rN+ Str+6 Slay+3}
   (You acquired it on level 7 of the Dungeon)

   [ring of strength]

   Str:       It affects your strength (+6).
   Slay:      It affects your accuracy & damage with ranged weapons and melee
   (+3).
   rF:        It greatly protects you from fire.
   rC:        It protects you from cold.
   rN:        It protects you from negative energy.
 h - an amulet of reflection (around neck)
 q - a +5 ring of evasion
 r - a ring of see invisible (left hand)
 F - a ring of positive energy
 K - a ring of ice
 N - a ring of willpower
Wands
 y - a wand of paralysis (6)
 A - a wand of roots (7)
 I - a wand of flame (17)
 J - a wand of quicksilver (11)
 M - a wand of digging (3)
Scrolls
 l - 2 scrolls of fear {unknown}
 m - a scroll of vulnerability {unknown}
 n - 2 scrolls of enchant weapon
 t - a scroll of fog {unknown}
 u - 3 scrolls of poison
 z - a scroll of noise {unknown}
 B - a scroll of teleportation {unknown}
 C - a scroll of enchant armour
 E - a scroll of magic mapping
Potions
 d - 2 potions of might
 g - a potion of ambrosia
 i - 3 potions of haste
 j - 2 potions of curing
 k - a potion of mutation {unknown}
 o - 6 potions of heal wounds
 s - 3 potions of flight
 x - a potion of magic
 L - a potion of berserk rage


   Skills:
 + Level 8.8 Fighting
 + Level 7.6 Maces & Flails
 + Level 8.8 Armour
 + Level 8.9 Shields


You had 9 spell levels left.
You didn't know any spells.
Your spell library contained the following spells:

 Spells                   Type           Power      Damage    Failure   Level
 Necrotise                Necr           0%         1d4       77%         1
 Sting                    Tmut/Pois      0%         1d3       77%         1
 Poisonous Vapours        Pois/Air       0%         N/A       88%         2
 Scorch                   Fire           0%         2d5       88%         2
 Call Canine Familiar     Summ           0%         N/A       98%         3
 Portal Projectile        Hex/Tloc       0%         N/A       98%         3
 Vampiric Draining        Necr           0%         2d6       98%         3
 Flame Wave               Conj/Fire      0%         2d4       100%        4
 Leda's Liquefaction      Hex/Erth       0%         N/A       100%        4
 Olgreb's Toxic Radiance  Pois           0%         N/A       100%        4
 Agony                    Necr           0%         N/A       100%        5
 Fireball                 Conj/Fire      0%         3d3       100%        5
 Iskenderun's Battlesphe  Conj           0%         2d6       100%        5
 Conjure Ball Lightning   Conj/Air       0%         3x3d6     100%        6
 Summon Cactus Giant      Summ           0%         N/A       100%        6
 Orb of Destruction       Conj           0%         9d5       100%        7


Dungeon Overview and Level Annotations

Branches:
Dungeon (8/15)             Temple (1/1) D:6
   Lair: D:8-11

Altars:
Ashenzari
Cheibriados
Dithmenos
Elyvilon
Fedhas
Gozag
Hepliaklqana
Makhleb
Nemelex Xobeh
Qazlal
Ru
Trog
Uskayaw
Wu Jian
Xom
Zin

Shops:
D:2 [![!*   D:7 !

Annotations:
D:3 2 transporters, BigDaddyOpFi's ghost, amateur MeFE
D:8 Erica


Innate Abilities, Weirdness & Mutations

You are immune to sickness and miasma.
Your stone body is resilient. (AC +7)
You are immune to poison.
You resist negative energy. (rN+)
You are resistant to electric shocks. (rElec)
You are resistant to unholy torment.
You are immune to petrification.


Message History

No target in view!
No target in view!
No target in view!
No target in view!
No target in view!
You barely miss something. Something hits you but does no damage.
You barely miss something. Something hits you!
You miss something.
You hear some strange, mumbled words.
A bolt of poison appears from out of thin air!
The bolt of poison hits you but does no damage.
You resist.
You barely miss something.
You hear some strange, mumbled words.
You feel yourself slow down.
You miss something.
You hear some strange, mumbled words.
A lance of force appears from out of thin air!
The lance of force hits you!
* * * LOW HITPOINT WARNING * * *
You are knocked back by the lance of force.
You're wearing all the rings you can.
Remove which one? (? for menu, Esc to cancel) < or
q - a +5 ring of evasion > or
a - the ring of Qurisisch {rF++ rC+ rN+ Str+6 Slay+3} You remove your +5 ring of evasion.
You hear some strange, mumbled words.
A bolt of poison appears from out of thin air!
The bolt of poison misses you.
Reactivating autopickup.
r - a ring of see invisible (left hand) Sorry, you're not good enough to have a special ability.
Sorry, you're not good enough to have a special ability.
You hit Erica.
Your weapon exudes an aura of protection.
Erica is almost dead.
Erica closely misses you. Erica casts a spell at you.
The lance of force hits you!!
You die...

#################
.................
........#########
#######...### ##+####
###...# .....!.###
###.###
.......@@##########...###
.......#.#...............
.......#.#.##########..##
.......#.#.#....# ##.##
.......#.#.#.##.# #...
.......#.#.#.##.# ####
.......#.#.#.##.# #
########.#)))...#
#.###)############


You could see Erica (invisible).

Vanquished Creatures
  Grinder (D:3)
  Sigmund (D:3)
  A wyvern (D:7)
  A vampire (D:7)
  A steam dragon (D:8)
  Menkaure (D:7)
  An orc warrior (D:7)
  2 sky beasts
  2 ice beasts
  3 black bears
  4 ogres
  2 centaurs
  5 kobold brigands
  Blork the orc (D:4)
  2 bullfrogs
  15 wights
  4 killer bees (D:7)
  6 howler monkeys
  2 hounds
  3 orc priests
  A jelly (D:6)
  Jessica (D:3)
  3 iguanas
  3 orc wizards
  11 adders
  A shadow imp (D:5)
  A white imp (D:8)
  A worm (D:3)
  A dart slug (D:3)
  24 orcs
  6 ball pythons
  A bat (D:2)
  4 endoplasms
  3 giant cockroaches
  9 goblins
  6 hobgoblins
  6 jackals
  27 kobolds
  9 quokkas
  5 frilled lizards (D:1)
  6 rats
187 creatures vanquished.

Notes
Turn   | Place    | Note
-------+----------+-------------------------------------------
     0 | D:1      | Dittersdorf the Gargoyle Fighter began the quest for the
                  | Orb.
     0 | D:1      | Reached XP level 1. HP: 14/14 MP: 1/1
   172 | D:1      | Reached XP level 2. HP: 12/19 MP: 2/2
   604 | D:1      | Reached XP level 3. HP: 24/24 MP: 3/3
   918 | D:1      | Found a faded altar of an unknown god.
  1026 | D:2      | Found an opulent altar of Gozag.
  1042 | D:2      | Found Raig's Distillery.
  1056 | D:2      | Bought a potion of heal wounds for 55 gold pieces
  1064 | D:2      | Identified the +0 buckler of the Original Sin {rPois rF++
                  | Int-5 Dex+3}
  1150 | D:2      | Found Geatuawe's Assorted Antiques.
  1206 | D:2      | Found Gosser's Antique Armour Shoppe.
  1215 | D:2      | Found Moly's Antique Armour Emporium.
  1288 | D:2      | Found Gujuqoff's Distillery.
  1540 | D:3      | Noticed Jessica
  1544 | D:3      | Reached XP level 4. HP: 29/29 MP: 4/4
  1549 | D:3      | Killed Jessica
  1651 | D:3      | You fall into a shaft and drop 1 floor!
  1652 | D:4      | yay!
  1691 | D:4      | Found a broken altar of Ashenzari.
  1891 | D:4      | Noticed a kobold brigand
  1906 | D:4      | Killed a kobold brigand
  1907 | D:4      | Reached XP level 5. HP: 25/34 MP: 5/5
  2087 | D:4      | Reached XP level 6. HP: 39/39 MP: 6/6
  2096 | D:3      | Noticed BigDaddyOpFi's ghost (amateur MeFE)
  2096 | D:3      | Found a transporter.
  2100 | D:3      | Found a transporter.
  2319 | D:3      | Noticed Sigmund
  2351 | D:3      | Killed Sigmund
  2352 | D:3      | Reached skill level 5 in Fighting
  2352 | D:3      | Reached skill level 5 in Armour
  2455 | D:3      | Noticed Grinder
  2470 | D:3      | Paralysed by Grinder for 4 turns
  2483 | D:3      | Killed Grinder
  2484 | D:3      | Reached skill level 5 in Shields
  2484 | D:3      | Reached XP level 7. HP: 34/44 MP: 7/7
  2694 | D:3      | Found a bloodstained altar of Trog.
  3206 | D:5      | Entered Level 5 of the Dungeon
  3260 | D:5      | Reached XP level 8. HP: 39/51 MP: 8/8
  3300 | D:5      | Noticed Blork the orc
  3397 | D:4      | Killed Blork the orc
  3398 | D:4      | Reached skill level 5 in Maces & Flails
  3928 | D:6      | Found a staircase to the Ecumenical Temple.
  3971 | Temple   | Entered the Ecumenical Temple
  4462 | D:6      | Reached XP level 9. HP: 53/56 MP: 9/9
  4913 | D:5      | Found a snail-covered altar of Cheibriados.
  5298 | D:7      | Identified a scroll of acquirement
  5298 | D:7      | Acquired the ring of Qurisisch {rF++ rC+ rN+ Str+6 Slay+3}
  5399 | D:7      | Found Gucyoqi's Distillery.
  5605 | D:7      | Bought a potion of heal wounds for 60 gold pieces
  5605 | D:7      | Bought a potion of heal wounds for 60 gold pieces
  5883 | D:7      | Noticed Menkaure
  5891 | D:7      | Killed Menkaure
  5994 | D:7      | Reached XP level 10. HP: 64/64 MP: 10/10
  6671 | D:8      | Found a sacrificial altar of Ru.
  6841 | D:8      | Noticed Erica
  6853 | D:8      | Killed from afar by Erica

Illustrated notes

#########
#........
#...?....
#@.......
##.######
##


Turn 1652 on D:4: yay!

Levels and vault maps discovered:
D:1:      lightli_arrival_flooded_house, layout_basic, basic_ecumenical_altar,
          minmay_heptomino_d4
D:2:      layout_basic, serial_shops, nicolae_shop_advertising_works
          [nicolae_subvault_shop_adworks], shop_statue, nicolae_shop_stone,
          nicolae_shop_trees, nicolae_square_shop, basic_altar
D:3:      minmay_spotlight, layout_loops_cross, trog_book,
          gammafunk_ghost_smash, uniq_grinder, uniq_jessica, uniq_sigmund
D:4:      layout_gridville, lemuel_tele_altar, minmay_misc_feat_more_columns
D:5:      layout_rooms, nicolae_overflow_hidden_temple, uniq_blork_the_orc
D:6:      layout_gridville, minmay_temple_entry_enclosed_plants,
          grunt_ministairs_2
D:7:      layout_basic, serial_shops, nicolae_shop_waterfront, uniq_menkaure
D:8:      layout_basic, mainiacjoe_overflow_24_doors, grunt_ministairs_9,
          minmay_orc_keep, uniq_maurice, uniq_erica
Temple:   hc_temple_tempest_star

Skill      XL: |  1  2  3  4  5  6  7  8  9 |
---------------+----------------------------+-----
Fighting       | 4 5 6 8 |  8.8
Armour         | 4 5 6 8 |  8.8
Shields        | 4 5 6 8 |  8.9
Maces & Flails | 3 4 5 7 |  7.6

Action                   |  1- 3 |  4- 6 |  7- 9 | 10-12 || total
-------------------------+-------+-------+-------+-------++-------
Melee: Flail             |   120 |   105 |   372 |   116 ||   713
Throw: Dart              |       |     6 |       |       ||     6
  Use: Scroll            |       |       |    13 |       ||    13
Armor: Scale mail        |    69 |    45 |   214 |    21 ||   349
Dodge: Dodged            |    61 |    75 |   344 |    41 ||   521
Block: Buckler           |    21 |    27 |   134 |    52 ||   234
       Reflection        |       |       |       |     1 ||     1

Table legend: (Time is in decaauts)
 A = Elapsed time spent in this place.
 B = Non-inter-level travel time spent in this place.
 C = Inter-level travel time spent in this place.
 D = Time resting spent in this place.
 E = Time spent auto-exploring this place.
 F = Levels seen in this place.
 G = Mean time per level.
                   A        B        C        D        E       F      G
               +--------+--------+--------+--------+--------+-----+--------+
         Total |   7022 |   6734 |    288 |    162 |   4961 |   9 |  780.2 |
       Dungeon |   6746 |   6490 |    256 |    162 |   4731 |   8 |  843.2 |
        Temple |    276 |    245 |     31 |      0 |    229 |   1 |  276.0 |
               +--------+--------+--------+--------+--------+-----+--------+

Top non-repeatable levels by time:
     D:6: 1321 daAuts
     D:1: 1053 daAuts
     D:7: 990 daAuts
     D:4: 952 daAuts
     D:3: 872 daAuts
     D:8: 596 daAuts
     D:2: 522 daAuts
     D:5: 436 daAuts
  Temple: 276 daAuts
